 Dungeon Crawl Stone Soup version 0.26-a0-752-gcff87cac9a (webtiles) character file.

Game seed: 17202736525515303936

24 DarkMailMan the Grave Robber (level 2, 0/19 HPs)
             Began as a Vampire Necromancer on Nov 7, 2020.
             Slain by a goblin (4 damage)
             ... led by Robin
             ... on level 2 of the Dungeon.
             The game lasted 00:04:28 (1181 turns).

DarkMailMan the Grave Robber (Vampire Necromancer)  Turns: 1181, Time: 00:04:28

Health: 0/19       AC: -2    Str:  7    XL:     2   Next: 79%
Magic:  5/5        EV: 13    Int: 17    God:
Gold:   85         SH:  0    Dex: 14    Spells: 3/5 levels left

rFire    . . .     SeeInvis +   b - +1 short sword
rCold    . . .     Faith    .   (no shield)
rNeg     . . .     Spirit   .   a - +0 robe
rPois    .         Reflect  .   (no helmet)
rElec    .         Harm     .   (no cloak)
rCorr    +         Rampage  .   (no gloves)
MR       .....                  (no boots)
Stlth    ++........             (no amulet)
HPRegen  0.26/turn              c - ring of resist corrosion
MPRegen  0.09/turn              d - -4 ring of protection (curse)

@: regenerating quickly
A: fangs 3, see invisible, unbreathing
a: Exsanguinate


You were on level 2 of the Dungeon.
You visited 1 branch of the dungeon, and saw 2 of its levels.

You collected 85 gold pieces.

Inventory:

Hand Weapons
 b - a +1 short sword (weapon)
 e - a +0 club
Armour
 a - a +0 robe (worn)
 f - a +0 pair of boots
Jewellery
 c - a ring of resist corrosion (left hand)
 d - a cursed -4 ring of protection (right hand)
Scrolls
 g - 2 scrolls of teleportation
 h - 2 scrolls of magic mapping
 k - a scroll of identify {unknown}
Potions
 i - a potion of magic {unknown}
 j - a potion of mutation {unknown}


   Skills:
 + Level 0.1 Fighting
 + Level 2.4 Dodging
 + Level 3.0 Stealth
 + Level 0.2 Unarmed Combat
 + Level 2.2 Spellcasting
 + Level 5.0 Necromancy


You had 3 spell levels left.
You knew the following spells:

 Your Spells              Type           Power        Failure   Level
a - Pain                  Necr           ###.         2%          1
b - Animate Skeleton      Necr           ###...       2%          1

Your spell library contained the following spells:

 Spells                   Type           Power        Failure   Level
 Vampiric Draining        Necr           ###.......   8%          3
 Animate Dead             Necr           ###.......   24%         4
 Agony                    Necr           ###.....     56%         5


Dungeon Overview and Level Annotations

Branches:
Dungeon (2/15)

Altars:

Annotations:
D:2 Robin


Innate Abilities, Weirdness & Mutations

Your natural rate of healing is unusually fast.
You have razor-sharp teeth.
You have supernaturally acute eyesight. (SInv)
You can survive without breathing.


Message History

The goblin barely misses you. The hobgoblin misses you.
Casting: Pain (safe; 2% risk of failure)
Confirm with . or Enter, or press ? or * to list all spells.
Okay, then.
Press: ? - help, v - describe, . - travel
Here: Robin, wielding a +0 spear, wearing a +0 animal skin and wearing a +0 helmet A stone staircase leading down.
The goblin barely misses you. The hobgoblin closely misses you.
The hobgoblin misses you. The goblin closely misses you.
The hobgoblin hits you but does no damage.
You see here 26 arrows.
A goblin comes into view. It is wielding a +0 dagger.
The goblin misses you.
A goblin comes into view.
The goblin barely misses you. Robin throws the goblin at you!
The goblin hits you with a +0 dagger.
* * * LOW HITPOINT WARNING * * *
You barely miss the goblin. The goblin hits you.
You die...

.. #g#### >...# .g.#
# #..# #.###g.#
#....gg###
###....ggg.#
.......g@############
##.#...#g# #.†.....#
#.#...#.####.#####.#
.....†<....#.##
...###.#.......# #
... #.........####.#
...# #..............#
................####
..>.##.###.#..#.#


You could see Robin, 4 hobgoblins and 5 goblins.

Vanquished Creatures
  2 dart slugs (D:1)
  A leopard gecko (D:1)
  A ball python (D:2)
  2 giant cockroaches (D:1)
  3 goblins (D:1)
  A hobgoblin (D:1)
  A kobold (D:1)
  3 bats
  2 frilled lizards
  4 rats
20 creatures vanquished.

Notes
Turn   | Place    | Note
-------+----------+-------------------------------------------
     0 | D:1      | DarkMailMan the Vampire Necromancer began the quest for the
                  | Orb.
     0 | D:1      | Reached XP level 1. HP: 13/13 MP: 3/3
   302 | D:1      | Reached XP level 2. HP: 17/19 MP: 0/5
  1111 | D:2      | Reached skill level 5 in Necromancy
  1137 | D:2      | Learned a level 1 spell: Animate Skeleton
  1174 | D:2      | Noticed Robin
  1181 | D:2      | Slain by a goblin

Illustrated notes

Levels and vault maps discovered:
D:1:      dpeg_arrival_boxes_within_box, layout_basic
D:2:      layout_basic, marbit_many_paths, uniq_robin

Skill      XL: |  1  2 |
---------------+-------+-----
Necromancy     | 5 |  5.0
Fighting       | |  0.1
Dodging        | |  2.4
Stealth        | |  3.0
Unarmed Combat | |  0.2
Spellcasting   | |  2.2

Action                   || total
-------------------------++-------
Melee: Unarmed           ||    62
       Bite              ||     2
       Short sword       ||    11
 Cast: Pain              ||    22
  Use: Scroll            ||     4
       Potion            ||     3
 Stab: Sleeping          ||     1
Armor: Robe              ||    14
Dodge: Dodged            ||    80

Table legend: (Time is in decaauts)
 A = Elapsed time spent in this place.
 B = Non-inter-level travel time spent in this place.
 C = Inter-level travel time spent in this place.
 D = Time resting spent in this place.
 E = Time spent auto-exploring this place.
 F = Levels seen in this place.
 G = Mean time per level.
                   A        B        C        D        E       F      G
               +--------+--------+--------+--------+--------+-----+--------+
         Total |   1180 |   1180 |      0 |      0 |    371 |   2 |  590.0 |
       Dungeon |   1180 |   1180 |      0 |      0 |    371 |   2 |  590.0 |
               +--------+--------+--------+--------+--------+-----+--------+

Top non-repeatable levels by time:
     D:1: 903 daAuts
     D:2: 277 daAuts
